Map: Turbo Cruise '84 LE

Players

LiquidSnute (Snute) - Winner!

  • Race: Zerg Zerg
  • League: Grandmaster
  • Spawn Location: 3:00

Clem

  • Race: Terran Terran
  • League: Grandmaster
  • Spawn Location: 7:00

Event: HomeStory Cup XIX

VOD

Have the link to the VOD?

Description

Time

  • Played on: June 27, 2019, 8:39 a.m.
  • Length: 15:25

All games in this series

Show
View Real Time Build Order
Export as new Build Order

LiquidSnute Zerg - Winner!

Build Orders: Pool First 

Get SALT Encoding   

  12  0:17  Spawning Pool  
  11  0:22  Drone  
  11  0:27  Drone  
  13  0:30  Drone  
  14  0:40  Overlord  
  14  1:03  Queen  
  16  1:04  Zergling x4  
  16  1:05  Zergling x2  
  19  1:16  Zergling x2  
  20  1:29  Hatchery  
  19  1:35  Drone  
  19  1:38  Drone  
  21  1:48  Overlord  
  21  1:59  Drone  
  22  2:11  Drone x2  
  22  2:14  Drone x2  
  25  2:22  Drone  
  25  2:25  Queen  
  25  2:31  Extractor  
  25  2:34  Drone  
  25  2:41  Queen  
  25  2:42  Zergling x2  
  28  2:45  Zergling x2  
  29  2:52  Drone  
  29  2:55  Drone  
  31  3:06  Overlord  
  31  3:07  Drone  
  32  3:14  Drone  
  32  3:17  Drone x3  
  36  3:25  Overlord  
  36  3:32  Hatchery  
  35  3:37  Metabolic Boost  
  35  3:39  Drone  
  36  3:42  Drone  
  36  3:44  Drone  
  36  3:46  Drone  
  39  3:49  Drone  
  39  3:52  Drone  
  39  3:53  Zergling x2  
  39  3:55  Zergling x2  
  41  4:04  Zergling x8  
  45  4:10  Evolution Chamber  
  45  4:12  Zergling x2  
  45  4:14  Evolution Chamber  
  45  4:17  Drone  
  45  4:22  Drone  
  46  4:26  Drone  
  46  4:30  Extractor  
  46  4:35  Drone x4  
  46  4:36  Drone x2  
  52  4:41  Zerg Ground Armor Level 1  
  52  4:43  Overlord  
  52  4:46  Drone x2  
  52  4:50  Drone  
  55  4:53  Drone  
  55  4:57  Baneling Nest  
  55  4:58  Drone  
  55  4:59  Drone  
  57  5:00  Drone  
  57  5:01  Overlord  
  57  5:03  Drone  
  59  5:11  Spore Crawler  
  59  5:13  Overlord  
  57  5:15  Spore Crawler  
  57  5:16  Spore Crawler  
  57  5:18  Overlord  
  55  5:26  Zerg Melee Weapons Level 1  
  55  5:30  Zergling x10  
  55  5:32  Drone  
  56  5:46  Drone  
  56  5:47  Drone x6  
  58  5:51  Queen  
  58  5:54  Drone  
  59  5:59  Drone x2  
  59  6:02  Lair  
  60  6:07  Drone  
  60  6:09  Drone x2  
  58  6:15  Drone, Burrow  
  58  6:20  Drone x2  
  58  6:25  Drone x4  
  64  6:28  Drone x3  
  64  6:30  Extractor  
  66  6:33  Extractor  
  66  6:35  Drone x2  
  66  6:45  Drone x3  
  66  6:46  Drone  
  68  6:49  Hatchery  
  68  6:53  Drone x3  
  70  6:56  Zergling x10  
  75  7:06  Drone  
  75  7:07  Drone  
  75  7:08  Centrifical Hooks  
  76  7:09  Zerg Ground Armor Level 2  
  76  7:12  Zergling x6  
  77  7:15  Zergling x2  
  77  7:20  Zergling x4  
  80  7:25  Zerg Melee Weapons Level 2  
  80  7:36  Zergling x4  
  80  7:37  Zergling x14  
  88  7:44  Baneling  
  88  7:45  Baneling x7  
  88  7:47  Zergling x4  
  88  7:48  Overlord  
  88  7:50  Overseer, Hatchery  
  89  7:57  Overlord x2  
  89  8:01  Spore Crawler  
  89  8:02  Zergling x16  
  89  8:04  Overlord  
  96  8:09  Zergling x4  
  98  8:17  Zergling x4  
  100  8:21  Baneling x14  
  100  8:25  Zergling x14  
  107  8:36  Baneling x7  
  107  8:41  Zergling x18  
  107  8:46  Zergling x4  
  116  8:52  Zergling x12  
  121  8:56  Drone x4  
  121  8:57  Drone  
  121  9:01  Drone  
  127  9:13  Zergling x14  
  127  9:14  Overlord x3  
  133  9:20  Baneling x6  
  133  9:21  Baneling x7  
  133  9:30  Baneling x10  
  133  9:31  Baneling  
  133  9:35  Zergling x14  
  130  9:46  Drone x10  
  130  9:51  Zergling x10  
  138  9:54  Zergling x2  
  138  9:57  Overseer  
  128  10:00  Zergling x6  
  128  10:03  Zergling x2  
  128  10:06  Zergling x2  
  127  10:09  Spore Crawler  
  127  10:12  Zergling x8  
  130  10:20  Zergling x8  
  132  10:23  Zergling x6  
  132  10:26  Hatchery  
  134  10:29  Overlord  
  134  10:32  Infestation Pit, Pneumatized Carapace  
  134  10:34  Overseer  
  132  10:38  Zergling x10  
  137  10:42  Baneling  
  137  10:43  Baneling x18  
  137  10:44  Baneling  
  137  10:46  Zergling x10  
  142  10:57  Zergling x8  
  141  11:03  Zergling x14  
  133  11:12  Zergling x4  
  113  11:19  Zergling x8  
  104  11:25  Zergling x6  
  101  11:32  Zergling x2  
  101  11:33  Zergling x2  
  101  11:36  Zergling x6  
  102  11:42  Zergling x4  
  101  11:48  Zergling x6  
  101  11:49  Hatchery  
  101  11:50  Zergling x4  
  105  11:55  Zergling x4  
  105  11:59  Hive  
  105  12:00  Queen x2  
  105  12:01  Overlord x3  
  111  12:05  Zergling x2  
  111  12:08  Queen  
  112  12:09  Zergling x4  
  112  12:12  Zergling x4  
  118  12:18  Baneling x19  
  118  12:20  Zergling x6  
  121  12:25  Zergling x4  
  121  12:26  Spore Crawler  
  122  12:31  Zergling x8  
  126  12:40  Zergling x12  
  126  12:44  Zergling x4  
  134  12:53  Extractor  
  134  12:55  Zergling x12  
  134  12:57  Baneling x15  
  139  12:59  Zergling x2  
  139  13:01  Zergling x2, Queen  
  139  13:02  Zergling x8  
  139  13:05  Zergling x2  
  148  13:11  Zergling x8  
  151  13:14  Zergling x2  
  151  13:16  Zergling x2  
  144  13:23  Zergling x24  
  151  13:28  Zergling x8  
  151  13:29  Zergling x2  
  156  13:35  Zergling x8  
  156  13:40  Zergling x6  
  163  13:43  Baneling  
  163  13:46  Zergling x6  
  160  13:53  Zergling x8  
  149  13:56  Baneling x14  
  149  13:57  Baneling x13  
  149  13:58  Zergling x10  
  147  14:07  Zergling x6  
  147  14:08  Zergling x4  
  135  14:15  Zergling x10  
  131  14:21  Zergling x6  
  134  14:28  Drone  
  134  14:29  Drone  
  134  14:31  Zergling x6  
  134  14:33  Queen  
  134  14:34  Queen x4  
  134  14:38  Zergling x4  
  139  14:48  Zergling x10  
  140  15:02  Zergling x10  
  140  15:03  Zergling x2  
Show
View Real Time Build Order
Export as new Build Order

Clem Terran 

Build Orders: Gas First Reaper Expand, Banshee Rush 

Get SALT Encoding   

  12  0:00  SCV  
  13  0:12  SCV  
  14  0:17  Supply Depot  
  14  0:24  SCV  
  15  0:28  Refinery  
  15  0:39  SCV  
  16  0:45  Barracks  
  16  0:51  SCV  
  17  1:03  SCV  
  18  1:15  SCV  
  19  1:32  Orbital Command, Reaper  
  20  1:44  Command Center  
  20  1:58  Supply Depot  
  20  1:59  SCV  
  21  2:04  Marine, Factory  
  20  2:09  Supply Depot  
  20  2:11  SCV  
  21  2:23  SCV  
  21  2:24  Barracks Reactor  
  22  2:35  SCV  
  23  2:37  Supply Depot  
  23  2:48  SCV  
  24  2:52  Starport  
  24  3:04  Hellion x2  
  28  3:15  Command Center  
  28  3:19  SCV  
  29  3:24  Refinery  
  29  3:30  Hellion  
  29  3:31  Hellion  
  33  3:36  Starport Tech Lab  
  33  3:37  SCV  
  34  3:48  Barracks Tech Lab  
  34  3:49  SCV  
  34  3:59  Cloaking Field  
  34  4:06  Banshee  
  37  4:12  SCV  
  37  4:14  Supply Depot  
  38  4:24  Marine  
  39  4:33  Supply Depot  
  39  4:35  Siege Tank, Marine  
  39  4:36  SCV  
  43  4:39  Orbital Command  
  43  4:45  Marine  
  44  4:49  Banshee, SCV  
  48  4:55  Marine  
  49  5:01  SCV  
  49  5:05  SCV, Supply Depot  
  51  5:15  Command Center  
  51  5:21  Siege Tank, SCV  
  54  5:25  Marine x2  
  57  5:30  SCV  
  58  5:38  SCV  
  57  5:43  Marine x2, SCV  
  57  5:48  Engineering Bay x2  
  56  5:51  Banshee  
  56  5:56  SCV  
  58  5:58  Supply Depot  
  58  6:01  Siege Tank  
  58  6:02  SCV  
  62  6:08  Marine x2, SCV  
  64  6:15  SCV  
  65  6:20  SCV  
  63  6:26  Barracks x2  
  63  6:27  SCV  
  63  6:32  SCV, Terran Infantry Weapons Level 1  
  65  6:33  Terran Infantry Armor Level 1  
  65  6:35  Orbital Command  
  65  6:41  SCV  
  65  6:46  Marine  
  67  6:47  SCV  
  67  6:48  Refinery, Starport Reactor  
  67  6:50  Refinery  
  68  6:54  Stimpack  
  68  6:55  SCV  
  68  6:59  Orbital Command, SCV  
  70  7:06  Marine  
  70  7:08  SCV  
  72  7:12  SCV  
  72  7:14  Barracks  
  73  7:18  Barracks  
  73  7:20  SCV  
  74  7:24  Armory, SCV  
  74  7:25  Marine  
  74  7:28  Supply Depot  
  74  7:29  SCV  
  77  7:32  SCV  
  77  7:33  Starport Reactor  
  77  7:34  Marine x2  
  80  7:37  Siege Tank  
  80  7:38  SCV  
  80  7:41  Supply Depot  
  80  7:43  Marine, SCV  
  86  7:45  Bunker, SCV  
  86  7:49  Marine x2  
  86  7:51  SCV  
  90  7:52  Marine  
  90  7:55  SCV  
  92  7:59  SCV  
  92  8:04  SCV  
  94  8:06  Supply Depot x2  
  94  8:07  Barracks Reactor x2  
  94  8:08  SCV  
  97  8:13  Marauder, Medivac x2  
  97  8:14  SCV  
  97  8:17  Marine x2  
  97  8:18  Marauder  
  97  8:19  Widow Mine  
  108  8:21  Widow Mine  
  108  8:23  SCV  
  108  8:24  SCV  
  108  8:26  SCV  
  113  8:33  Marine  
  114  8:35  Marine x2, SCV  
  114  8:36  SCV  
  114  8:38  Terran Infantry Weapons Level 2  
  114  8:39  Marine, SCV, Supply Depot  
  114  8:40  Supply Depot  
  120  8:47  Terran Infantry Armor Level 2  
  120  8:48  Marine  
  120  8:49  Marine x3, SCV  
  120  8:51  Marine  
  120  8:52  Widow Mine  
  120  8:53  Marine, Widow Mine  
  131  8:59  Supply Depot  
  131  9:00  Combat Shield, Supply Depot  
  132  9:07  Command Center  
  131  9:12  Marine  
  131  9:13  Supply Depot  
  131  9:15  Widow Mine x2  
  131  9:16  Marine  
  137  9:22  Medivac x2  
  137  9:23  Marine x4  
  145  9:24  Marine  
  145  9:31  Refinery x2  
  145  9:33  Marine x2  
  145  9:38  Widow Mine x2  
  138  9:49  Marine x2, SCV  
  131  9:55  Barracks x2  
  131  9:56  Barracks  
  131  9:57  Marauder  
  131  9:59  Widow Mine  
  133  10:01  SCV  
  133  10:06  SCV  
  135  10:08  SCV  
  133  10:16  Command Center  
  133  10:17  SCV, Supply Depot  
  133  10:20  SCV x2  
  136  10:28  Marine x6  
  137  10:32  Widow Mine  
  137  10:34  Widow Mine  
  147  10:35  SCV  
  147  10:36  SCV  
  147  10:38  SCV  
  149  10:44  Supply Depot  
  149  10:45  Supply Depot  
  149  10:46  Marine x2  
  151  10:50  Marine  
  151  10:54  Widow Mine  
  151  11:03  Widow Mine  
  151  11:04  Marauder x2  
  141  11:07  Marine  
  141  11:13  Marine x2, Medivac  
  141  11:14  SCV x2  
  141  11:15  Marine  
  141  11:16  Marine  
  141  11:17  Marine x2, SCV  
  122  11:19  Marine  
  122  11:21  Marine  
  122  11:24  Marine  
  122  11:25  Marauder, Marine  
  99  11:28  SCV  
  99  11:29  SCV  
  99  11:32  SCV  
  86  11:34  Marine x2  
  86  11:37  Marine  
  84  11:40  Marine  
  84  11:41  Marine  
  84  11:44  Marine  
  87  11:47  SCV  
  87  11:53  SCV  
  89  11:56  SCV  
  89  11:57  Orbital Command  
  89  11:59  SCV  
  90  12:02  Widow Mine  
  90  12:05  SCV  
  90  12:08  Marine x2  
  93  12:09  SCV  
  93  12:11  SCV  
  97  12:17  SCV  
  97  12:20  Marine x4  
  97  12:21  SCV  
  103  12:24  Widow Mine x2, SCV  
  103  12:26  Terran Infantry Weapons Level 3  
  103  12:28  Barracks Tech Lab x2  
  103  12:29  SCV  
  109  12:33  SCV, Medivac x2  
  109  12:34  SCV  
  109  12:35  Marine  
  109  12:36  SCV  
  116  12:37  Marine, Barracks Tech Lab  
  116  12:38  Marine  
  116  12:39  Marine  
  119  12:49  Marauder x3, Marine x3  
  125  12:51  SCV  
  125  12:56  Widow Mine x2  
  130  13:05  Marine  
  130  13:07  Marine  
  130  13:08  SCV  
  133  13:16  Marine x2  
  133  13:17  Widow Mine  
  120  13:25  Orbital Command, Marine x2  
  119  13:34  Marauder x2, Marine x2  
  125  13:49  Marine x2  
  125  13:50  Marine  
  125  13:51  Marine  
  125  13:53  Widow Mine  
  125  13:55  Widow Mine  
  117  13:56  Marine  
  117  13:58  Marine  
  117  14:01  Marine  
  91  14:15  Marine x2  
  91  14:16  Marauder  
  81  14:21  SCV x3  
  84  14:25  Marine  
  84  14:31  Marine x2  
  83  14:34  SCV  
  80  14:38  SCV  
  80  14:41  SCV  
  81  14:52  Marine x6  
  80  14:55  Marine  
  80  14:59  Widow Mine  
  79  15:03  Marine, Widow Mine  
Tags
 
Add a new tag
Caveats
  • Supply blocks, unpowered buildings, or Contaminate may cause inaccurate times.
  • Supply counts are checked every 10 seconds.